 Dungeon Crawl Stone Soup version 0.31-a0-221-gbddc013574 (webtiles) character file.

Game seed: 12524900295605284645

243 qw the Covered (level 6, -5/35 HPs)
             Began as a Gargoyle Hexslinger on July 3, 2023.
             Slain by Blork the orc
             ... wielding a +1 heavy hand axe
              (11 damage)
             ... on level 3 of the Dungeon.
             The game lasted 00:00:47 (1848 turns).

qw the Covered (Gargoyle Hexslinger)                Turns: 1848, Time: 00:00:48

Health: -5/35      AC: 10    Str: 15    XL:     6   Next: 9%
Magic:  2/2        EV: 11    Int: 13    God:
Gold:   157        SH:  0    Dex: 17    Spells: 6/7 levels left

rFire   . . .        a - +0 sling of Gallantry {antimagic, rElec Str+3 Dex+3 Stlth-}
rCold   . . .        (no shield)
rNeg    + . .        g - +0 ring mail
rPois   inf          (no helmet)
rElec   +            (no cloak)
rCorr   .            (no gloves)
SInv    .            (no boots)
Will    .....        (no amulet) Stlth
                     (no ring)
HPRegen 0.25/turn    (no ring)
MPRegen 0.08/turn

%: no passive effects
@: brilliant, weak-willed
A: sickness immunity, AC +4, negative energy resistance 1, electricity
resistance, torment resistance 1, petrification resistance
a: no special abilities


You were on level 3 of the Dungeon.
You visited 1 branch of the dungeon, and saw 4 of its levels.

You collected 157 gold pieces.


Innate Abilities, Weirdness & Mutations

You are immune to sickness and miasma.
Your stone body is resilient. (AC +4)
You are immune to poison.
You resist negative energy. (rN+)
You are resistant to electric shocks. (rElec)
You are resistant to unholy torment.
You are immune to petrification.


   Skills:
 - Level 2.3 Fighting
 + Level 4.0 Ranged Weapons
 - Level 4.4 Armour
 - Level 1.5 Dodging
 - Level 1.0 Spellcasting
 - Level 2.6 Hexes


You had 6 spell levels left.
You knew the following spells:

 Your Spells              Type           Power      Damage    Failure   Level
a - Slow                  Hex            44%        N/A       17%         1

Your spell library contained the following spells:

 Spells                   Type           Power      Damage    Failure   Level
 Inner Flame              Hex/Fire       6%         N/A       65%         3
 Portal Projectile        Hex/Tloc       12%        N/A       65%         3
 Cause Fear               Hex            5%         N/A       86%         4

Inventory:

Hand Weapons
 a - the +0 sling of Gallantry (weapon) {antimagic, rElec Str+3 Dex+3 Stlth-}
   (You acquired it on level 1 of the Dungeon)

   Str:       It affects your strength (+3).
   Dex:       It affects your dexterity (+3).
   rElec:     It insulates you from electricity.
   Stlth:     It makes you less stealthy.
Armour
 g - a +0 ring mail (worn)
Scrolls
 e - a scroll of identify
Potions
 b - a potion of resistance {unknown}
 c - a potion of lignification {unknown}
 d - a potion of mutation {unknown}
 h - a potion of ambrosia {unknown}
 i - a potion of heal wounds {unknown}

Dungeon Overview and Level Annotations

Branches:
Dungeon (4/15)
 Temple: D:4-7

Altars:

Annotations:
D:3 Blork the orc


Message History

You shoot a sling bullet.
The sling bullet hits Blork the orc but does no damage.
Blork the orc is lightly wounded.
Blork the orc begins to cast a cantrip, but forgets the words!
You shoot a sling bullet.
The sling bullet barely misses Blork the orc.
A goblin comes into view. It is wielding a +0 club.
You shoot a sling bullet.
The sling bullet closely misses Blork the orc.
The goblin shouts!
Blork the orc's magic is no longer disrupted.
Blork the orc hits you with a +1 heavy hand axe.
1841 ||| STAIRDANCE Blork the orc screams, "I'm going to kill you!"
Blork the orc hits you with a +1 heavy hand axe.
You climb upwards.
There is a stone staircase leading down here.
You see here a ball python corpse.
You shoot a sling bullet.
The sling bullet closely misses Blork the orc.
Blork the orc looks angry.
Blork the orc completely misses you.
You shoot a sling bullet. The sling bullet hits Blork the orc!
Blork the orc's magic leaks into the air.
Blork the orc is moderately wounded.
Blork the orc hits you with a +1 heavy hand axe!
You shoot a sling bullet.
The sling bullet barely misses Blork the orc.
Blork the orc closely misses you.
You shoot a sling bullet. The sling bullet hits Blork the orc.
Blork the orc's magic leaks into the air.
Blork the orc is heavily wounded.
You shoot a sling bullet.
The sling bullet closely misses Blork the orc.
Blork the orc hits you with a +1 heavy hand axe!
You shoot a sling bullet. The sling bullet hits Blork the orc.
Blork the orc's magic leaks into the air.
Blork the orc is heavily wounded.
Blork the orc hits you with a +1 heavy hand axe!
You die...

#.# #.# #.# #. #.#
#.####.#####. #.####
#.........##. #....#
######<##.##. #!...#
##.##.##.
##...########...#.##.
##..................
#..########...#.##.
#o@# ##.##.##. #..#
#.##.##. #..#
#.##.##. #..#
#....... #%.#
#....... #).#
#..).... #..#
##.)...# #..# #.....#
#..# ####.###


You could see Blork the orc (magic disrupted).

Vanquished Creatures
  Sigmund (D:3)
  2 adders
  A worm (D:2)
  2 dart slugs
  An orc (D:3)
  5 endoplasms
  A giant cockroach (D:1)
  3 goblins
  7 hobgoblins
  3 jackals (D:2)
  5 kobolds
  3 quokkas
  5 ball pythons
  3 bats
  4 frilled lizards
  7 rats
53 creatures vanquished.

Notes
Turn   | Place    | Note
-------+----------+-------------------------------------------
     0 | D:1      | qw the Gargoyle Hexslinger began the quest for the Orb.
     0 | D:1      | Reached XP level 1. HP: 12/12 MP: 2/2
     0 | D:1      | 0 ||| qw: Version: 0.3-a-40-ge99b1a8
     0 | D:1      | 0 ||| qw: Game counter: 537
     0 | D:1      | 0 ||| qw: Melee chars always use a shield: true
     0 | D:1      | 0 ||| qw: God list: Okawaru
     0 | D:1      | 0 ||| qw: Allow faded altars: false
     0 | D:1      | 0 ||| qw: Do Orc after clearing Dungeon:15 true
     0 | D:1      | 0 ||| qw: Do second Lair branch before Depths: true
     0 | D:1      | 0 ||| qw: Lair rune preference: random
     0 | D:1      | 0 ||| qw: Goals: Normal
     0 | D:1      | 0 ||| PLANNING D:1-11
   264 | D:1      | Reached XP level 2. HP: 16/16 MP: 3/3
   403 | D:1      | Reached skill level 3 in Ranged Weapons
   603 | D:1      | 603 ||| UPGRADING to +0 ring mail.
   613 | D:1      | 613 ||| DROPPING +0 robe.
   614 | D:1      | 614 ||| READING scroll labelled RASKUDGHUUPPIA.
   618 | D:1      | 618 ||| READING 2 scrolls labelled HUAVUDW TEOGUIFAY.
   619 | D:1      | 619 ||| READING scroll labelled LAENKA DUCESO.
   620 | D:1      | 620 ||| READING scroll labelled HUIS DAONEICEN.
   620 | D:1      | Identified a scroll of acquirement
   620 | D:1      | 620 ||| ACQUIRING +0 sling of Gallantry {antimagic, rElec
                  | Str+3 Dex+3 Stlth-}
   620 | D:1      | Acquired the +0 sling of Gallantry {antimagic, rElec Str+3
                  | Dex+3 Stlth-}
   622 | D:1      | 622 ||| SWAPPING to +0 sling of Gallantry {antimagic, rElec
                  | Str+3 Dex+3 Stlth-}.
   623 | D:1      | 623 ||| DROPPING +1 sling.
   624 | D:1      | 624 ||| DROPPING scroll of poison.
   674 | D:2      | Reached XP level 3. HP: 21/21 MP: 1/4
  1025 | D:2      | 1025 ||| READING scroll labelled COW NYSMEMOHU.
  1082 | D:3      | Reached XP level 4. HP: 26/26 MP: 1/5
  1225 | D:3      | Found a faded altar of an unknown god.
  1424 | D:3      | Noticed Sigmund
  1444 | D:3      | HP: 4/26 [something (9)]
  1447 | D:3      | Killed Sigmund
  1448 | D:3      | Reached XP level 5. HP: 6/30 MP: 2/6
  1448 | D:3      | Reached XP level 6. HP: 7/35 MP: 2/7
  1826 | D:3      | 1826 ||| READING scroll labelled BASTRE CAQ HECH.
  1827 | D:3      | 1827 ||| READING scroll labelled XOMARA KOFROFF.
  1828 | D:3      | 1828 ||| READING scroll labelled RATEOJYKAIT.
  1829 | D:3      | 1829 ||| DRINKING 2 fuming amethyst potions.
  1830 | D:3      | 1830 ||| DROPPING potion of brilliance.
  1836 | D:4      | Noticed Blork the orc
  1837 | D:4      | 1837 ||| PLANNING SEWER
  1841 | D:4      | 1841 ||| STAIRDANCE
  1847 | D:3      | HP: 5/35 [Blork the orc/+1 heavy hand axe (10)]
  1848 | D:3      | Slain by Blork the orc

Levels and vault maps discovered:
D:1:      eino_arrival_cavern_a, layout_loops_cross
D:2:      layout_rooms
D:3:      layout_loops_ring, shapermc_ecumenical_altar_mp_vishouse, uniq_sigmund
D:4:      layout_cave_pools, mainiacjoe_overflow_small_starburst,
          gup_sewer_entry_glass, uniq_edmund, uniq_blork_the_orc

Skill      XL: |  1  2  3  4 |
---------------+-------------+-----
Ranged Weapons | 3 4 |  4.0
Fighting       | 2 |  2.3
Armour         | 4 |  4.4
Dodging        | |  1.5
Spellcasting   | |  1.0
Hexes          | |  2.6

Action                     |  1- 3 |  4- 6 || total
---------------------------+-------+-------++-------
   Fire: Sling             |   113 |    64 ||   177
    Use: Scroll            |     5 |     3 ||     8
         Potion            |       |     1 ||     1
 Armour: Robe              |     4 |       ||     4
         Ring mail         |    28 |    10 ||    38
  Dodge: Dodged            |    46 |    13 ||    59

Table legend:
 A = Non-vault XP
 B = Vault XP
 C = Vault XP percentage of total XP
 D = Non-vault monster count
 E = Vault monster count
 F = Vault count percentage of total count
                 A         B        C        D         E       F
            +---------+---------+-------+---------+---------+-------
      Total |     117 |     231 |  66.4 |      52 |       1 |   1.9
            +---------+---------+-------+---------+---------+-------
        D:1 |      31 |       0 |   0.0 |      19 |       0 |   0.0
        D:2 |      45 |       0 |   0.0 |      15 |       0 |   0.0
        D:3 |      41 |     231 |  84.9 |      18 |       1 |   5.3
            +---------+---------+-------+---------+---------+-------
